 Dungeon Crawl Stone Soup version 0.27-a0-797-g27d10ad80f (webtiles) character file.

Game seed: 13803215575333660390

24 dickylongcocking the Slasher (level 3, 0/30 HPs)
             Began as a Djinni Monk on Mar 27, 2021.
             Slain by Terence
             ... wielding a +0 trident
              (6 damage)
             ... on level 2 of the Dungeon.
             The game lasted 00:00:37 (1189 turns).

dickylongcocking the Slasher (Djinni Monk)          Turns: 1189, Time: 00:00:37

Health: 0/30       AC:  2    Str:  9 (10) XL:     3   Next: 2%
Gold:   53         EV: 12    Int: 10 (12) God:
                   SH:  0    Dex: 12 (15)

rFire    + + .     SeeInvis .   a - +0 falchion
rCold    x . .     Faith    .   (no shield)
rNeg     . . .     Spirit   .   b - +0 robe
rPois    ∞         Reflect  .   (no helmet)
rElec    .         Harm     .   (no cloak)
rCorr    .         Rampage  .   (no gloves)
Will     .....                  (boots unavailable)
Stlth    ++........             (no amulet)
HPRegen  0.10/turn              (no ring)
MPRegen  0.00/turn              (no ring)

@: flying
A: fire resistance 2, cold vulnerability 1, float, innate caster, hp casting,
extra vitality 1
a: no special abilities


You were on level 2 of the Dungeon.
You visited 1 branch of the dungeon, and saw 2 of its levels.

You collected 53 gold pieces.

Inventory:

Hand Weapons
 a - a +0 falchion (weapon)
Armour
 b - a +0 robe (worn)
Jewellery
 c - a ring of magical power
Scrolls
 d - a scroll of enchant armour {unknown}


   Skills:
 - Level 3.0 Fighting
 * Level 3.7 Long Blades
 - Level 3.2 Dodging
 - Level 1.5 Stealth


You had one spell level left.
You knew the following spells:

 Your Spells              Type           Power      Damage    Failure   Level
a - Corona                Hex            0%         N/A       36%         1
Your spell library was empty.

Dungeon Overview and Level Annotations

Branches:
Dungeon (2/15)

Altars:
Xom

Annotations:
D:2 Terence


Innate Abilities, Weirdness & Mutations

You are immune to poison.
Your flesh is very heat resistant. (rF++)
You are vulnerable to cold. (rC-)
You float through the air rather than walking.
You learn spells naturally, not from books.
Your magical power is your life essence.
You have superior vitality. (+4 HP)


Message History

Terence the Incautious comes into view.
He is wielding a +0 trident.
Found a long sword.
Found a shimmering altar of Xom.
Terence shouts!
You hear a shout!
Found 8 gold pieces.
Casting: Corona (safe; 32% risk of failure)
Confirm with . or Enter, or press ? or * to list all spells.
Aiming: Corona (safe; 32% risk of failure)
Press: ? - help, Shift-Dir - straight line, f - Terence
Aim: Terence, wielding a +0 trident and wearing a +0 scale mail (chance to affect: 41%) Terence is outlined in light.
A goblin comes into view. It is wielding a +0 club.
Unknown command.
Terence misses you. Terence hits you with a +0 trident.
You hit Terence.
Terence is moderately wounded.
Terence hits you with a +0 trident!
You hit Terence but do no damage.
Terence is moderately wounded.
Terence barely misses you.
You hit Terence but do no damage.
Terence is lightly wounded.
Terence barely misses you.
You hit Terence.
Terence is moderately wounded.
Terence hits you with a +0 trident!
* * * LOW HITPOINT WARNING * * *
Okay, then.
It was a potion of degeneration.
There was something very wrong with that liquid.
You feel weakened.
You feel dopey.
You feel clumsy. Terence hits you with a +0 trident.
* * * LOW HITPOINT WARNING * * *
It was a potion of magic.
Magic courses through your body.
Terence stops glowing.
Terence barely misses you. Terence closely misses you.
There is a stone staircase leading up here.
Terence looks scornfully at you.
Terence hits you from afar with a +0 trident.
You die...

####.#.#
#####.#.#####
##...........##
##.............##
#.....÷.........#
#...........g...#
#....<..........#
#............@..#
#..............@#
##.............##
##.....#.....##
#############


You could see Terence and a goblin.

Vanquished Creatures
  A dart slug (D:1)
  2 ball pythons
  2 bats
  2 endoplasms (D:1)
  A goblin (D:1)
  A hobgoblin (D:1)
  4 jackals (D:1)
  2 kobolds (D:1)
  A quokka (D:2)
  2 frilled lizards (D:1)
  A rat (D:1)
19 creatures vanquished.

Notes
Turn   | Place    | Note
-------+----------+-------------------------------------------
     0 | D:1      | dickylongcocking the Djinni Monk began the quest for the
                  | Orb.
     0 | D:1      | Reached XP level 1. HP: 20/20 MP: 0/0
   420 | D:1      | Reached XP level 2. HP: 17/25 MP: 0/0
   942 | D:2      | Reached XP level 3. HP: 17/30 MP: 0/0
   942 | D:2      | Learned a level 1 spell: Corona
  1166 | D:2      | Found a shimmering altar of Xom.
  1166 | D:2      | Noticed Terence
  1189 | D:2      | Slain by Terence

Illustrated notes

Levels and vault maps discovered:
D:1:      dpeg_arrival_shrine, layout_basic, interstate_on_off
D:2:      layout_rooms, nicolae_overflow_crystal_walls, serial_shops,
          nicolae_shop_crystal, solitary_fountain, uniq_terence

Skill      XL: |  1 |
---------------+----+-----
Long Blades    | 3 |  3.7
Fighting       | |  3.0
Dodging        | |  3.2
Stealth        | |  1.5

Action                   || total
-------------------------++-------
Melee: Falchion          ||    45
 Cast: Corona            ||     1
  Use: Potion            ||     2
 Stab: Sleeping          ||     3
Armor: Robe              ||     3
Dodge: Dodged            ||    31
       Rpst.: Falchion   ||    10

Table legend: (Time is in decaauts)
 A = Elapsed time spent in this place.
 B = Non-inter-level travel time spent in this place.
 C = Inter-level travel time spent in this place.
 D = Time resting spent in this place.
 E = Time spent auto-exploring this place.
 F = Levels seen in this place.
 G = Mean time per level.
                   A        B        C        D        E       F      G
               +--------+--------+--------+--------+--------+-----+--------+
         Total |   1194 |   1183 |     11 |    219 |    838 |   2 |  597.0 |
       Dungeon |   1194 |   1183 |     11 |    219 |    838 |   2 |  597.0 |
               +--------+--------+--------+--------+--------+-----+--------+

Top non-repeatable levels by time:
     D:1: 935 daAuts
     D:2: 259 daAuts
